 Dungeon Crawl Stone Soup version 0.24-a0-539-g6aae15eeb0 (webtiles) character file.

Game seed: 5232278483767872458

5029 Chiseanne the Destroyer (level 10, -8/63 HPs)
             Began as a Demonspawn Wizard on Aug 17, 2019.
             Was an Initiate of Vehumet.
             Mangled by a white ugly thing (14 damage)
             ... on level 9 of the Dungeon.
             The game lasted 00:29:31 (13134 turns).

Chiseanne the Destroyer (Demonspawn Wizard)        Turns: 13134, Time: 00:29:31

Health: -8/63      AC: 11    Str:  9    XL:     10   Next: 30%
Magic:  8/23       EV: 12    Int: 22    God:    Vehumet [......]
Gold:   574        SH:  0    Dex: 11    Spells: 12/27 levels left

rFire    + . .     SeeInvis .   a - +4 scimitar (flame)
rCold    + . .     Gourm    .   (no shield)
rNeg     + . .     Faith    .   C - +1 robe {MR+}
rPois    .         Spirit   .   b - +1 hat
rElec    .         Reflect  .   x - +0 cloak
rCorr    .         Harm     .   (no gloves)
MR       +....                  B - +1 pair of boots
Stlth    ++........             (no amulet)
HPRegen  0.20/turn              c - ring of positive energy
MPRegen  0.18/turn              k - ring of protection from cold

@: very slightly contaminated
A: claws 1, molten scales 3, powered by pain 1
a: Renounce Religion


You were on level 9 of the Dungeon.
You worshipped Vehumet.
Vehumet was noncommittal.
You were hungry.

You visited 2 branches of the dungeon, and saw 11 of its levels.

You collected 574 gold pieces.

Inventory:

Hand Weapons
 a - a +4 scimitar of flaming (weapon)
Missiles
 e - 170 stones (quivered)
 g - 121 sling bullets
 i - 106 arrows
 l - a throwing net
 r - 3 javelins
 w - 62 bolts
 y - 50 poisoned darts
Armour
 b - a +1 hat (worn)
 x - a +0 cloak (worn)
 B - a +1 pair of boots (worn)
 C - a +1 robe of magic resistance (worn)
 J - a +0 pair of gloves
Jewellery
 c - a ring of positive energy (left claw)
 k - a ring of protection from cold (right claw)
Wands
 j - a wand of random effects (14)
 v - a wand of iceblast (5)
 E - a wand of acid (9)
Scrolls
 f - 9 scrolls of teleportation
 m - 2 scrolls of fog
 q - 5 scrolls of remove curse
 t - 2 scrolls of amnesia
 u - 2 scrolls of fear
 z - a scroll of enchant armour
 D - a scroll of magic mapping
Potions
 h - 3 potions of resistance
 n - 2 potions of agility {unknown}
 o - a potion of lignification
 p - a potion of invisibility
 s - 2 potions of haste
 A - a potion of mutation
 F - a potion of heal wounds {unknown}
 G - a potion of berserk rage {unknown}
 I - 2 potions of degeneration {unknown}
Comestibles
 d - 17 rations


   Skills:
 - Level 1.7 Dodging
 - Level 1.7 Stealth
 - Level 9.2 Spellcasting
 * Level 10.3 Conjurations
   Level 1.0 Summonings
 - Level 0.8 Translocations
 * Level 3.6 Ice Magic
 * Level 3.6 Air Magic


You had 12 spell levels left.
You knew the following spells:

 Your Spells              Type           Power        Failure   Level  Hunger
a - Magic Dart            Conj           ####         1%          1    None
b - Blink                 Tloc           N/A          7%          2    None
c - Conjure Flame         Conj/Fire      ####....     2%          3    None
d - Mephitic Cloud        Conj/Pois/Air  ####....     3%          3    None
e - Freezing Cloud        Conj/Ice/Air   #####.....   65%         6    ######.

Your spell library contained the following spells:

 Spells                   Type           Power        Failure   Level  Hunger
 Poisonous Vapours        Pois/Air       ###...       4%          2    None
 Call Imp                 Summ           ##......     7%          2    None
 Slow                     Hex            ##......     10%         2    None
 Ring of Flames           Chrm/Fire      ##........   100%        7    #######


Dungeon Overview and Level Annotations

Branches:
Dungeon (10/15)            Temple (1/1) D:6
   Lair: D:8-11         Orc: D:9-12

Altars:
Ashenzari
Cheibriados
Dithmenos
Elyvilon
Fedhas
Gozag
Hepliaklqana
Kikubaaqudgha
Makhleb
Nemelex Xobeh
Okawaru
Qazlal
Ru
Sif Muna
Trog
Uskayaw
Vehumet
Wu Jian
Xom
Yredelemnul
Zin
The Shining One
Lugonu

Shops:
D:4 %


Innate Abilities, Weirdness & Mutations

You have sharp fingernails.
You are completely covered in molten scales. (AC +4, rF+)
You sometimes gain a little power by taking damage.


Message History

The air around you crackles with energy!
The white ugly thing stings you. The white ugly thing freezes you! You resist.
* * * LOW HITPOINT WARNING * * *
Casting: Blink (safe; 7% risk of failure)
Confirm with . or Enter, or press ? or * to list all spells.
You blink.
Casting: Blink (safe; 7% risk of failure)
Confirm with . or Enter, or press ? or * to list all spells.
Aiming: Mephitic Cloud (safe; 3% risk of failure)
Press: ? - help, Shift-Dir - straight line, f/p - white ugly thing
Aim: a white ugly thing (moderately wounded)
The ball explodes into a vile cloud!
The stinking cloud engulfs the white ugly thing but does no damage.
The white ugly thing is moderately wounded.
The white ugly thing is engulfed in noxious fumes.
There is an open door here.
The white ugly thing stings you!
* * * LOW HITPOINT WARNING * * *
The white ugly thing freezes you! You resist.
You die...

#.# #.# #.## #.# #..# #.##### ###
##.# #.....# ##.## #.# #####.#
#._.# #.# #.## ######.#######.#
#..# #...........##u####
######'## ##....#....###.@..#
#.......# ##.รท###..####....#
#.......# ##..#..## #.....####
#..<....# ##.#.##
#.....'..###.......# ######.#.#
#.....##...#.......#
....##.#.#####.....####.+........
###.##.#.##..'.....######.......#
####...##.##...................
##'###.##########.......####


You could see a white ugly thing.

Vanquished Creatures
  Erica (D:9)
  A troll (D:9)
  Prince Ribbit (D:6)
  2 hippogriffs (D:8)
  Eustachio (D:4)
  2 sky beasts
  3 ice beasts
  2 necrophages
  A phantom (D:9)
  3 centaurs
  4 ogres
  3 bullfrogs
  5 scorpions
  6 killer bees
  5 wights (D:8)
  A centaur zombie (D:7)
  3 crimson imps
  5 howler monkeys
  4 orc priests
  A bullfrog zombie (D:6)
  3 hounds
  3 jellies (D:5)
  A centaur skeleton (D:3)
  A bullfrog skeleton (D:6)
  Jessica (D:2)
  An iguana (D:8)
  Ijyb (D:4)
  5 orc wizards
  4 worker ants
  A hound skeleton (D:6)
  7 gnolls
  7 adders
  2 shadow imps (D:5)
  An adder skeleton (D:7)
  2 worms (D:5)
  6 dart slugs
  7 leopard geckos
  18 orcs
  3 ball pythons
  4 giant cockroaches
  A goblin (D:1)
  5 hobgoblins
  9 jackals
  6 kobolds
  3 quokkas
  3 bats (D:3)
  5 frilled lizards
  2 leopard gecko skeletons
  A quokka skeleton (D:3)
  8 rats
175 creatures vanquished.

Vanquished Creatures (others)
  A human (D:5)
1 creature vanquished.

Grand Total: 176 creatures vanquished

Notes
Turn   | Place    | Note
-------+----------+-------------------------------------------
     0 | D:1      | Chiseanne the Demonspawn Wizard began the quest for the
                  | Orb.
     0 | D:1      | Reached XP level 1. HP: 13/13 MP: 4/4
   464 | D:1      | Gained mutation: You are partially covered in molten
                  | scales. (AC +2) [demonic ancestry]
   464 | D:1      | Reached XP level 2. HP: 19/19 MP: 1/6
  1079 | D:1      | Reached skill level 2 in Conjurations
  1580 | D:2      | Learned a level 2 spell: Blink
  1681 | D:2      | Gained mutation: You sometimes gain a little power by
                  | taking damage. [demonic ancestry]
  1681 | D:2      | Reached XP level 3. HP: 21/24 MP: 1/8
  1940 | D:2      | Noticed Jessica
  1948 | D:2      | Killed Jessica
  2030 | D:2      | Found a shattered altar of Ashenzari.
  2032 | D:2      | Found a hide-covered altar of Uskayaw.
  2034 | D:2      | Found a snail-covered altar of Cheibriados.
  2034 | D:2      | Found a sacrificial altar of Ru.
  2444 | D:3      | Reached XP level 4. HP: 30/30 MP: 7/9
  2475 | D:3      | Reached skill level 3 in Conjurations
  3557 | D:4      | Found a shadowy altar of Dithmenos.
  3564 | D:4      | Reached XP level 5. HP: 27/35 MP: 9/11
  3778 | D:3      | Learned a level 3 spell: Conjure Flame
  3782 | D:3      | Learned a level 3 spell: Mephitic Cloud
  3832 | D:4      | Noticed Eustachio
  4085 | D:3      | Reached skill level 4 in Conjurations
  4177 | D:4      | Noticed an ogre
  4185 | D:4      | Killed Eustachio
  4185 | D:4      | Reached skill level 5 in Spellcasting
  4185 | D:4      | Gained mutation: You are mostly covered in molten scales.
                  | (AC +3) [demonic ancestry]
  4185 | D:4      | Reached XP level 6. HP: 19/41 MP: 6/13
  4466 | D:3      | Reached skill level 5 in Conjurations
  4679 | D:4      | Noticed Ijyb
  4813 | D:3      | Gained mutation: You have sharp fingernails. [demonic
                  | ancestry]
  4813 | D:3      | Reached XP level 7. HP: 33/46 MP: 6/15
  4963 | D:4      | Paralysed by Ijyb for 4 turns
  4973 | D:4      | Killed Ijyb
  5197 | D:4      | Found Idutuoppi's Food Emporium.
  5355 | D:4      | Found a burning altar of Makhleb.
  5464 | D:4      | Reached skill level 6 in Conjurations
  5716 | D:5      | Entered Level 5 of the Dungeon
  6016 | D:5      | Found an ancient bone altar of Kikubaaqudgha.
  6031 | D:5      | Noticed a human
  6033 | D:5      | Killed a human
  6097 | D:5      | Found an opulent altar of Gozag.
  6280 | D:5      | Reached XP level 8. HP: 52/52 MP: 8/18
  6811 | D:5      | Reached skill level 7 in Conjurations
  7563 | D:6      | Found a shattered altar of Ashenzari.
  7632 | D:6      | Noticed Prince Ribbit
  7646 | D:6      | Killed Prince Ribbit
  7646 | D:6      | Reached skill level 8 in Conjurations
  7922 | D:6      | Found a white marble altar of Elyvilon.
  8020 | D:6      | Gained mutation: You are completely covered in molten
                  | scales. (AC +4, rF+) [demonic ancestry]
  8020 | D:6      | Reached XP level 9. HP: 45/57 MP: 8/21
  8209 | D:6      | Found a burning altar of Makhleb.
  8469 | D:6      | Found a staircase to the Ecumenical Temple.
  8628 | Temple   | Entered the Ecumenical Temple
  9373 | D:7      | Reached skill level 9 in Conjurations
 10407 | D:8      | Learned a level 6 spell: Freezing Cloud
 10469 | D:8      | Found a radiant altar of Vehumet.
 10481 | D:8      | Became a worshipper of Vehumet
 10612 | D:8      | Reached skill level 1 in Ice Magic
 10612 | D:8      | Reached skill level 1 in Air Magic
 10848 | D:8      | Found a blossoming altar of Fedhas.
 10911 | D:8      | Found a sparkling altar of Nemelex Xobeh.
 11428 | D:9      | Noticed a troll
 11563 | D:9      | Noticed Erica
 11577 | D:9      | Killed Erica
 11577 | D:9      | Reached skill level 10 in Conjurations
 11577 | D:9      | Reached XP level 10. HP: 63/63 MP: 20/23
 12026 | D:9      | Found a shimmering altar of Xom.
 12103 | D:9      | Found a glowing golden altar of the Shining One.
 12564 | D:10     | Entered Level 10 of the Dungeon
 12829 | D:10     | Noticed a brown ugly thing
 13134 | D:9      | Mangled by a white ugly thing

Levels and vault maps discovered:
D:1:      wander_arrival_lonely_grave, layout_basic, minmay_stone_trees_small,
          minmay_misc_feat_more_columns, minivault_26
D:2:      layout_loops_corners, grunt_temple_overflow_open, uniq_jessica
D:3:      layout_basic, first_ration
D:4:      layout_rooms, makhleb_grotto_becter,
          grunt_dithmenos_smoke_and_mirrors, serial_shops, kennysheep_mini_moat,
          uniq_eustachio, uniq_ijyb
D:5:      layout_cave_pods, basic_altar, tgw_kikubaaqudgha
D:6:      layout_rooms, elyvilon_altar_5, minmay_temple_entry_fiery,
          basic_altar, makhleb_blood_cavern_becter, uniq_prince_ribbit1
D:7:      layout_basic
D:8:      layout_rooms, nemelex_altar_shiori, fedhas_altar_4,
          lemuel_crystal_altar, enter_ossuary_2
D:9:      layout_roguey, nicolae_overflow_crystal_walls,
          nicolae_tso_swordbearing_angel, uniq_erica
D:10:     layout_irregular_city, grunt_ogre_cave, hex_large
Temple:   kb_corrupted_temple

Skill      XL: |  1  2  3  4  5  6  7  8  9 10 |
---------------+-------------------------------+-----
Conjurations   | 2 3 4 5 6 8 10 | 10.3
Spellcasting   | 4 5 6 8 9 |  9.2
Ice Magic      | 2 3 |  3.6
Air Magic      | 2 3 |  3.6
Dodging        | |  1.7
Stealth        | |  1.7
Summonings     | |  1.0
Translocations | |  0.8

Action                   |  1- 3 |  4- 6 |  7- 9 | 10-12 || total
-------------------------+-------+-------+-------+-------++-------
Melee: Unarmed           |     9 |       |       |       ||     9
       Short sword       |    10 |       |       |       ||    10
       Mace              |     4 |    19 |    61 |       ||    84
       Long sword        |       |       |    21 |       ||    21
       Scimitar          |       |       |       |    12 ||    12
Throw: Stone             |       |       |     1 |       ||     1
 Cast: Magic Dart        |    72 |   103 |   392 |    90 ||   657
       Blink             |       |    12 |     3 |     3 ||    18
       Mephitic Cloud    |       |     8 |    27 |    13 ||    48
       Conjure Flame     |       |       |     1 |       ||     1
Evoke: Wand              |       |     6 |     7 |     2 ||    15
  Use: Scroll            |     5 |     5 |    11 |     1 ||    22
       Potion            |       |       |     1 |     2 ||     3
 Stab: Confused          |       |     3 |     2 |       ||     5
       Paralysed         |       |       |     6 |       ||     6
  Eat: Chunk             |     5 |     4 |    14 |     4 ||    27
       Ration            |       |     1 |     2 |       ||     3
Armor: Robe              |    15 |     7 |    77 |    24 ||   123
Dodge: Dodged            |    22 |    36 |   149 |    25 ||   232
       Rpst.: Long sword |       |       |    15 |     2 ||    17
       Scimitar          |       |       |       |     8 ||     8

Table legend:
 A = Non-vault XP
 B = Vault XP
 C = Vault XP percentage of total XP
 D = Non-vault monster count
 E = Vault monster count
 F = Vault count percentage of total count
                 A         B        C        D         E       F
            +---------+---------+-------+---------+---------+-------
      Total |    5489 |    1696 |  23.6 |     167 |       8 |   4.6
            +---------+---------+-------+---------+---------+-------
        D:1 |      30 |       0 |   0.0 |      14 |       0 |   0.0
        D:2 |      16 |      37 |  69.8 |       8 |       1 |  11.1
        D:3 |     355 |       0 |   0.0 |      29 |       0 |   0.0
        D:4 |     415 |     288 |  41.0 |      19 |       3 |  13.6
        D:5 |     896 |       0 |   0.0 |      32 |       0 |   0.0
        D:6 |     574 |     432 |  42.9 |      12 |       3 |  20.0
        D:7 |     522 |       0 |   0.0 |      17 |       0 |   0.0
        D:8 |    1444 |       0 |   0.0 |      17 |       0 |   0.0
        D:9 |     946 |     939 |  49.8 |      14 |       1 |   6.7
       D:10 |     291 |       0 |   0.0 |       5 |       0 |   0.0
            +---------+---------+-------+---------+---------+-------
